PL
CHICAGO SILVER SOX @ PORTLAND EVERGREENS
08/03/2037
 
TOP OF THE 1ST
Chicago Silver Sox batting - Pitching for Portland Evergreens : RHP Cristián Moreno
Pitching: RHP Cristián Moreno
Batting: RHB Melvin Thomas 0-0: Foul Ball, location: 2F
0-1: Ground out U3 (Groundball, 3, EV 81.2 MPH)
Batting: LHB Michael Witt 0-0: Ground out 1-3 (Groundball, 34S, EV 78.8 MPH)
Batting: LHB Jonathan Gunner 0-0: Ball
1-0: SINGLE (Line Drive, 8LS, EV 95.0 MPH)
Batting: LHB Larry McLambroch 0-0: Ball
Jonathan Gunner steals 2nd base
1-0: Foul Ball, location: 2F
1-1: Ball
2-1: Ground out U3 (Groundball, 3, EV 108.8 MPH)
Top of the 1st over - 0 runs, 1 hit, 0 errors, 1 left on base; Chicago 0 - Portland 0
BOTTOM OF THE 1ST
Portland Evergreens batting - Pitching for Chicago Silver Sox : RHP Rhys Maskell
Pitching: RHP Rhys Maskell
Batting: SHB Willie McGirt 0-0: Ball
1-0: Called Strike
1-1: Ball
2-1: Ball
3-1: Foul Ball, location: 2F
3-2: Base on Balls
Batting: RHB Jeff Solís 0-0: Ball
1-0: Fly out, F7 (Line Drive, 7, EV 96.2 MPH)
Batting: RHB Blaze Alexander 0-0: Called Strike
0-1: Called Strike
0-2: Foul Ball, location: 2F
0-2: Ball
1-2: Ball
2-2: Foul Ball, location: 2F
2-2: Ball
3-2: Strikes out looking
Willie McGirt steals 2nd base
Batter strikes out.
Batting: SHB Billy Dotson 0-0: Ball
1-0: Called Strike
1-1: SINGLE (Flyball, 78S, EV 83.8 MPH)
Willie McGirt to third
Runner from 3rd tries for Home, SAFE, throw by LF to home
Batting: LHB John Schaefer 0-0: Called Strike
0-1: Foul Ball, location: 2F
0-2: Ball
1-2: Ball
2-2: Hit by Pitch
Billy Dotson to second
Batting: LHB Jérôme Masson 0-0: Foul Ball, location: 2F
0-1: Called Strike
0-2: Ball
1-2: Ball
2-2: Fly out, F4 (Popup, 4, EV 78.1 MPH)
Bottom of the 1st over - 1 run, 1 hit, 0 errors, 2 left on base; Chicago 0 - Portland 1
TOP OF THE 2ND
Chicago Silver Sox batting - Pitching for Portland Evergreens : RHP Cristián Moreno
Batting: SHB Gerrie Bond 0-0: Ball
1-0: Called Strike
1-1: Foul Ball, location: 2F
1-2: Fly out, F8 (Flyball, 8LS, EV 83.1 MPH)
Batting: LHB Chris Fitzgerald 0-0: Ground out 6-3 (Groundball, 6, EV 90.6 MPH)
Batting: LHB Ashley Thachi 0-0: Called Strike
0-1: Ball
1-1: Ground out 3-1 (Groundball, 34, EV 103.8 MPH)
Top of the 2nd over - 0 runs, 0 hits, 0 errors, 0 left on base; Chicago 0 - Portland 1
BOTTOM OF THE 2ND
Portland Evergreens batting - Pitching for Chicago Silver Sox : RHP Rhys Maskell
Batting: RHB Bastiaan Pieterse 0-0: Called Strike
0-1: Swinging Strike
0-2: Foul Ball, location: 2F
0-2: Ground out U3 (Groundball, 34, EV 111.2 MPH)
Batting: RHB Armando Rodríguez 0-0: Foul Ball, location: 2F
0-1: Foul Ball, location: 2F
0-2: SINGLE (Line Drive, 8RS, EV 97.5 MPH)
Batting: RHB Yu-shu Tseng 0-0: Ball
1-0: Fly out, F9 (Flyball, 9LMF, EV 93.8 MPH)
Batting: SHB Willie McGirt 0-0: Called Strike
0-1: Ball
1-1: Ball
2-1: Foul Ball, location: 2F
2-2: Ball
3-2: TRIPLE (Groundball, 3L, EV 103.1 MPH)
Armando Rodríguez scores
Batting: RHB Jeff Solís 0-0: Foul Ball, location: 2F
0-1: Foul Ball, location: 2F
0-2: Ball
1-2: Fly out, F8 (Line Drive, 8RM, EV 110.6 MPH)
Bottom of the 2nd over - 1 run, 2 hits, 0 errors, 1 left on base; Chicago 0 - Portland 2
TOP OF THE 3RD
Chicago Silver Sox batting - Pitching for Portland Evergreens : RHP Cristián Moreno
Batting: RHB Manuel Ramos 0-0: Ground out 5-3 (Groundball, 5, EV 82.5 MPH)
Batting: SHB Miguel Herrera 0-0: Foul Ball, location: 2F
0-1: Swinging Strike
0-2: Ball
1-2: Ball
2-2: Ball
3-2: SINGLE (Groundball, 56D, EV 102.5 MPH)
Batting: RHB Melvin Thomas 0-0: Ball
1-0: Swinging Strike
1-1: Called Strike
1-2: Ground out 5-3 (Groundball, 56S, EV 67.5 MPH)
Miguel Herrera to second
Batting: LHB Michael Witt 0-0: Called Strike
0-1: Ball
1-1: Fly out, F7 (Flyball, 7LS, EV 76.9 MPH)
Top of the 3rd over - 0 runs, 1 hit, 0 errors, 1 left on base; Chicago 0 - Portland 2
BOTTOM OF THE 3RD
Portland Evergreens batting - Pitching for Chicago Silver Sox : RHP Rhys Maskell
Batting: RHB Blaze Alexander 0-0: Ball
1-0: Ground out 1-3 (Groundball, 34S, EV 88.1 MPH)
Batting: SHB Billy Dotson 0-0: Ball
1-0: Called Strike
1-1: Fly out, F8 (Flyball, 8LD, EV 90.0 MPH)
Batting: LHB John Schaefer 0-0: Called Strike
0-1: Ball
1-1: Foul Ball, location: 2F
1-2: Ball
2-2: Strikes out looking
Bottom of the 3rd over - 0 runs, 0 hits, 0 errors, 0 left on base; Chicago 0 - Portland 2
TOP OF THE 4TH
Chicago Silver Sox batting - Pitching for Portland Evergreens : RHP Cristián Moreno
Batting: LHB Jonathan Gunner 0-0: Called Strike
0-1: Ball
1-1: Ball
2-1: Swinging Strike
2-2: SOLO HOME RUN (Flyball, 9LD, EV 106.2 MPH), Distance : 374 ft
Batting: LHB Larry McLambroch 0-0: Called Strike
0-1: Ball
1-1: Ball
2-1: Foul Ball, location: 2F
2-2: Foul Ball, location: 2F
2-2: Ball
3-2: Foul Ball, location: 2F
3-2: Foul Ball, location: 2F
3-2: SINGLE (Line Drive, 7S, EV 89.4 MPH)
Batting: SHB Gerrie Bond 0-0: Called Strike
0-1: Ball
1-1: Fielders Choice at 2nd, 4-6 (Groundball, 34, EV 99.4 MPH)
Batting: LHB Chris Fitzgerald 0-0: Ball
1-0: Ball
2-0: Foul Ball, location: 2F
2-1: Ball
3-1: Base on Balls
Gerrie Bond to second
Batting: LHB Ashley Thachi 0-0: Called Strike
0-1: Called Strike
0-2: Ball
1-2: Ball
2-2: Ball
3-2: Fly out, F8 (Line Drive, 8LD, EV 100.0 MPH)
Runner from 2nd tags up, OUT at 3rd! 8-5
Top of the 4th over - 1 run, 2 hits, 0 errors, 1 left on base; Chicago 1 - Portland 2
BOTTOM OF THE 4TH
Portland Evergreens batting - Pitching for Chicago Silver Sox : RHP Rhys Maskell
Batting: LHB Jérôme Masson 0-0: Ball
1-0: Called Strike
1-1: Ball
2-1: Ball
3-1: Foul Ball, location: 2F
3-2: Foul Ball, location: 2F
3-2: Fly out, F8 (Flyball, 89M, EV 98.8 MPH)
Batting: RHB Bastiaan Pieterse 0-0: Foul Ball, location: 2F
0-1: Fly out, F9 (Flyball, 9S, EV 86.9 MPH)
Batting: RHB Armando Rodríguez 0-0: Ball
1-0: Ground out 5-3 (Groundball, 56, EV 85.6 MPH)
Bottom of the 4th over - 0 runs, 0 hits, 0 errors, 0 left on base; Chicago 1 - Portland 2
TOP OF THE 5TH
Chicago Silver Sox batting - Pitching for Portland Evergreens : RHP Cristián Moreno
Batting: RHB Manuel Ramos 0-0: Foul Ball, location: 2F
0-1: SINGLE (Groundball, 6MD, EV 96.9 MPH)
Batting: SHB Miguel Herrera 0-0: Swinging Strike
0-1: Foul Ball, location: 2F
0-2: Ball
1-2: Ball
2-2: Strikes out looking
Batting: RHB Melvin Thomas 0-0: Called Strike
0-1: SINGLE (Groundball, 6MD, EV 104.4 MPH)
Manuel Ramos to second
Runner from 2nd tries for 3rd, SAFE, throw by CF made to third
Batting: LHB Michael Witt 0-0: Ball
Melvin Thomas steals 2nd base (no throw)
1-0: Called Strike
1-1: Foul Ball, location: 2F
1-2: Ground out 3-1 (Groundball, 3, EV 106.2 MPH)
Batting: LHB Jonathan Gunner 0-0: Ball
1-0: TRIPLE (Flyball, 78XD, EV 88.8 MPH)
Manuel Ramos scores
Melvin Thomas scores
Batting: LHB Larry McLambroch 0-0: Called Strike
0-1: Ball
1-1: Fly out, F8 (Flyball, 8RM, EV 85.6 MPH)
Top of the 5th over - 2 runs, 3 hits, 0 errors, 1 left on base; Chicago 3 - Portland 2
BOTTOM OF THE 5TH
Portland Evergreens batting - Pitching for Chicago Silver Sox : RHP Rhys Maskell
Batting: RHB Yu-shu Tseng 0-0: Called Strike
0-1: Foul Ball, location: 2F
0-2: Ball
1-2: Ball
2-2: Strikes out looking
Batting: SHB Willie McGirt 0-0: Ball
1-0: Ball
2-0: Called Strike
2-1: Called Strike
2-2: Ball
3-2: Reached on error, E3 (Groundball, 34, EV 111.2 MPH)
Batting: RHB Jeff Solís 0-0: Ball
1-0: Called Strike
1-1: Foul Ball, location: 2F
1-2: Ground out 4-3 (Groundball, 34, EV 104.4 MPH)
Willie McGirt to second
Batting: RHB Blaze Alexander 0-0: Ground out 4-3 (Groundball, 4, EV 108.8 MPH)
Bottom of the 5th over - 0 runs, 0 hits, 1 error, 1 left on base; Chicago 3 - Portland 2
TOP OF THE 6TH
Chicago Silver Sox batting - Pitching for Portland Evergreens : RHP Cristián Moreno
Batting: SHB Gerrie Bond 0-0: Ball
1-0: Foul Ball, location: 2F
1-1: Ball
2-1: Foul Ball, location: 2F
2-2: Foul Ball, location: 2F
2-2: Fly out, F8 (Flyball, 8RM, EV 91.2 MPH)
Pitching: RHP Keith Rojas
Batting: LHB Chris Fitzgerald 0-0: Ball
1-0: Foul Ball, location: 2F
1-1: Foul Ball, location: 2F
1-2: Ball
2-2: Ball
3-2: Foul Ball, location: 2F
3-2: Ground out 4-3 (Groundball, 4M, EV 84.4 MPH)
Batting: LHB Ashley Thachi 0-0: Called Strike
0-1: Foul Ball, location: 2F
0-2: Foul Ball, location: 2F
0-2: Ball
1-2: Ball
2-2: Foul Ball, location: 2F
2-2: Ball
3-2: Foul Ball, location: 2F
3-2: Foul Ball, location: 2F
3-2: Foul Ball, location: 2F
3-2: SINGLE (Groundball, 6MD, EV 105.0 MPH)
Batting: RHB Manuel Ramos 0-0: Called Strike
0-1: Ball
1-1: Called Strike
1-2: Ball
2-2: Ball
3-2: Strikes out looking
Top of the 6th over - 0 runs, 1 hit, 0 errors, 1 left on base; Chicago 3 - Portland 2
BOTTOM OF THE 6TH
Portland Evergreens batting - Pitching for Chicago Silver Sox : RHP Rhys Maskell
Batting: SHB Billy Dotson 0-0: Ball
1-0: Foul Ball, location: 2F
1-1: Called Strike
1-2: SOLO HOME RUN (Flyball, 89XD, EV 95.0 MPH), Distance : 395 ft
Batting: LHB John Schaefer 0-0: Called Strike
0-1: Swinging Strike
0-2: Ball
1-2: Strikes out swinging
Batting: LHB Jérôme Masson 0-0: Foul Ball, location: 2F
0-1: Ground out 5-3 (Groundball, 56S, EV 61.9 MPH)
Batting: RHB Bastiaan Pieterse 0-0: Foul Ball, location: 2F
0-1: Ball
1-1: Foul Ball, location: 2F
1-2: Ball
2-2: Strikes out looking
Bottom of the 6th over - 1 run, 1 hit, 0 errors, 0 left on base; Chicago 3 - Portland 3
TOP OF THE 7TH
Chicago Silver Sox batting - Pitching for Portland Evergreens : RHP Keith Rojas
Pitching: RHP Mark Zaugg
Batting: SHB Miguel Herrera 0-0: Called Strike
0-1: Ground out 5-3 (Groundball, 56, EV 87.5 MPH)
Batting: RHB Melvin Thomas 0-0: Swinging Strike
0-1: Foul Ball, location: 2F
0-2: Foul Ball, location: 2F
0-2: Ball
1-2: Foul Ball, location: 2F
1-2: Foul Ball, location: 2F
1-2: Ball
2-2: Foul Ball, location: 2F
2-2: Ball
3-2: Foul Ball, location: 2F
3-2: Strikes out swinging
Batting: LHB Michael Witt 0-0: Ball
1-0: Foul Ball, location: 2F
1-1: Called Strike
1-2: Strikes out swinging
Top of the 7th over - 0 runs, 0 hits, 0 errors, 0 left on base; Chicago 3 - Portland 3
BOTTOM OF THE 7TH
Portland Evergreens batting - Pitching for Chicago Silver Sox : RHP Rhys Maskell
Batting: RHB Armando Rodríguez 0-0: Ball
1-0: Fly out, F9 (Flyball, 9, EV 86.9 MPH)
Batting: RHB Yu-shu Tseng 0-0: Ball
1-0: Fly out, F3 (Popup, 23F, EV 91.2 MPH)
Batting: SHB Willie McGirt 0-0: Ball
1-0: Ball
2-0: Called Strike
2-1: Foul Ball, location: 2F
2-2: Foul Ball, location: 2F
2-2: SINGLE (Flyball, 56D, EV 94.4 MPH)
Pitching: RHP Shang-de Fu
Batting: RHB Jeff Solís 0-0: Ball
1-0: SINGLE (Groundball, 56D, EV 96.9 MPH)
Willie McGirt to second
Batting: RHB Blaze Alexander 0-0: Ball
1-0: Ball
2-0: Foul Ball, location: 2F
2-1: Foul Ball, location: 2F
2-2: Fly out, F8 (Flyball, 8LD, EV 93.1 MPH)
Bottom of the 7th over - 0 runs, 2 hits, 0 errors, 2 left on base; Chicago 3 - Portland 3
TOP OF THE 8TH
Chicago Silver Sox batting - Pitching for Portland Evergreens : RHP Mark Zaugg
Batting: LHB Jonathan Gunner 0-0: Fly out, F9 (Flyball, 9LSF, EV 83.1 MPH)
Batting: LHB Larry McLambroch 0-0: Swinging Strike
0-1: Ball
1-1: Foul Ball, location: 2F
1-2: Ball
2-2: Ball
3-2: Strikes out swinging
Batting: SHB Gerrie Bond 0-0: Ball
1-0: Called Strike
1-1: Ball
2-1: Swinging Strike
2-2: SINGLE (Groundball, 6MD, EV 101.9 MPH)
Pitching: LHP Anaías Pedroza
Batting: LHB Chris Fitzgerald 0-0: Ball
1-0: Swinging Strike
1-1: Ball
2-1: Ball
3-1: Called Strike
3-2: Foul Ball, location: 2F
3-2: Strikes out swinging
Top of the 8th over - 0 runs, 1 hit, 0 errors, 1 left on base; Chicago 3 - Portland 3
BOTTOM OF THE 8TH
Portland Evergreens batting - Pitching for Chicago Silver Sox : RHP Shang-de Fu
Batting: SHB Billy Dotson 0-0: Called Strike
0-1: Swinging Strike
0-2: Ball
1-2: Strikes out swinging
Batting: LHB John Schaefer 0-0: Ball
1-0: Ball
2-0: Called Strike
2-1: Called Strike
2-2: Foul Ball, location: 2F
2-2: Ball
3-2: Base on Balls
Batting: LHB Jérôme Masson 0-0: Ball
1-0: Called Strike
1-1: Swinging Strike
1-2: Foul Ball, location: 2F
1-2: Ball
2-2: Strikes out swinging
Batting: RHB Bastiaan Pieterse 0-0: Fly out, F8 (Flyball, 78D, EV 87.5 MPH)
Bottom of the 8th over - 0 runs, 0 hits, 0 errors, 1 left on base; Chicago 3 - Portland 3
TOP OF THE 9TH
Chicago Silver Sox batting - Pitching for Portland Evergreens : LHP Anaías Pedroza
Batting: LHB Ashley Thachi 0-0: Fly out, F6 (Popup, 56D, EV 71.2 MPH)
Pitching: RHP Tate Beason
Batting: RHB Manuel Ramos 0-0: Called Strike
0-1: Called Strike
0-2: Strikes out swinging
Batting: SHB Miguel Herrera 0-0: Ball
1-0: Fly out, F7 (Flyball, 7, EV 83.1 MPH)
Top of the 9th over - 0 runs, 0 hits, 0 errors, 0 left on base; Chicago 3 - Portland 3
BOTTOM OF THE 9TH
Portland Evergreens batting - Pitching for Chicago Silver Sox : RHP Shang-de Fu
Batting: RHB Armando Rodríguez 0-0: Called Strike
0-1: SOLO HOME RUN (Flyball, 9LD, EV 104.4 MPH), Distance : 372 ft
Thursday, January 23rd, 2020 - OOTP Baseball 20.8 Build 74